 Dungeon Crawl Stone Soup version 0.18.1-50-g88ac8fd (console) character file.

58 CALLOUS the Changer (level 3, 0/16 HPs)
             Began as a Felid Transmuter on Mar 13, 2019.
             Killed by nerve-wracking pain
             ... invoked by an orc priest
              (11 damage)
             ... on level 6 of the Dungeon.
             The game lasted 00:51:30 (3809 turns).

CALLOUS the Changer (Felid Transmuter)              Turns: 3809, Time: 00:51:30

Health: 0/16       AC:  1    Str:  6    XL:     3   Next: 75%
Magic:  4/7        EV: 19    Int: 14    God:
Gold:   103        SH:  0    Dex: 17    Spells: 2 memorised, 3 levels left
                                        Lives:  0   Deaths: 1

rFire  . . .     SeeInvis +       - Unarmed
rCold  . . .     Gourm    .     (armour unavailable)
rNeg   . . .     Faith    .     (shield unavailable)
rPois  .         Spirit   .     (helmet unavailable)
rElec  .         Dismiss  .     (cloak unavailable)
rCorr  .         Reflect  .     (gloves unavailable)
SustAt .         Harm     .     (boots unavailable)
MR     .....                    (no amulet)
Stlth  +++.......               (no ring)
                                (no ring)

@: appendage, quick, not resistant to hostile enchantments, fairly stealthy
A: no armour, no weapons or thrown items, claws 1, fangs 3, horns 2, see
invisible, carnivore 3, speed 1, shaggy fur 1, slow metabolism 1, sharp paws
a: End Transformation


You were on level 6 of the Dungeon.
You were not hungry.
You had grown temporary horns.
You visited 1 branch of the dungeon, and saw 6 of its levels.

You collected 103 gold pieces.

Inventory:

Missiles
 a - 59 arrows
Jewellery
 o - an uncursed ring of flight {unknown}
 p - an uncursed amulet of guardian spirit {unknown}
 x - an uncursed ring of protection from cold {unknown}
Scrolls
 d - 2 scrolls of blinking {unknown}
 e - 4 scrolls of remove curse {unknown}
 g - a scroll of amnesia {unknown}
 h - 2 scrolls of enchant weapon {unknown}
 j - 2 scrolls of magic mapping {unknown}
 m - 2 scrolls of fog {unknown}
 n - a scroll of immolation {unknown}
 v - a scroll of identify {unknown}
 w - a scroll of enchant armour {unknown}
Potions
 f - a potion of agility
 l - a potion of flight {unknown}
 r - 2 potions of lignification {unknown}
 s - a potion of curing {unknown}
 t - 2 potions of heal wounds {unknown}
 u - a potion of haste {unknown}
Books
 b - a book of Changes

   Spells                             Type                      Level
   a - Beastly Appendage              Transmutation                1
   b - Sticks to Snakes               Transmutation                2
   c - Spider Form                    Transmutation/Poison         3
   d - Ice Form                       Ice/Transmutation            4
   e - Blade Hands                    Transmutation                5
Comestibles
 c - 3 meat rations
 i - 2 slices of pizza


   Skills:
 + Level 1.8 Fighting
 * Level 3.5 Dodging
 * Level 2.2 Stealth
 + Level 3.5 Unarmed Combat
 - Level 2.0 Spellcasting
 * Level 3.7 Transmutations


You had 3 spell levels left.
You knew the following spells:

 Your Spells              Type           Power        Failure   Level  Hunger
a - Beastly Appendage     Trmt           ##....       6%          1    ##.....
b - Sticks to Snakes      Trmt           ##......     10%         2    ###....


Dungeon Overview and Level Annotations

Branches:
Dungeon (6/15)
 Temple: D:4-7

Altars:
Dithmenos
Fedhas
Qazlal
Xom
The Shining One

Annotations:
D:2 exclusion: adder
D:3 exclusion: giant newt
D:4 exclusions: adder, jackal, orc, orc wizard and 3 worker ants
D:5 4cgEDcorona3sED, exclusion: player ghost, CALLOUS's ghost, amateur DsAM; Sigmund
D:6 4opDhand


Innate Abilities, Weirdness & Mutations

You cannot wear armour.
You are incapable of wielding weapons or throwing items.
You have sharp claws.
You have razor-sharp teeth.
You have supernaturally acute eyesight.
You are carnivorous and can eat meat at any time.
You cover ground quickly.
You are covered in fur (AC +1).
You have a slow metabolism.
Your sharp claws are effective at attacking unaware monsters.
You have a pair of horns on your head.


Message History

The orc priest looks braver for a moment.
An orc comes into view. It is wielding a hand axe.
Casting: Beastly Appendage
Confirm with . or Enter, or press ? or * to list all spells.
You grow a pair of large bovine horns.
Casting: Beastly Appendage
Confirm with . or Enter, or press ? or * to list all spells.
You create a snake!
You now have 59 arrows.
The orc priest hits you with a hand axe.
The orc priest barely misses your ball python.
An orc comes into view. It is wielding a hand axe.
Press: ? - help, v - describe, . - travel
Here: an orc priest, wielding a hand axe The floor.
Unknown command.
You swap places.
The orc priest mumbles some strange prayers to Beogh against you.
Pain shoots through your body!
Ouch! That really hurt!
You die...

###............
#....#...##...#
#.##.o<..# #.. #
#..o...# #
#...##..## #..#
#..# #.. ...# #..
.##.# .. .# #.##
.# #.o## ..
##S@##
....#####..###(..
#......<.......
#############.#


You could see an orc priest and a friendly ball python.

Vanquished Creatures
  A worker ant zombie (D:5)
  4 worms
  A dart slug (D:2)
  2 giant geckos (D:3)
  2 orcs
  4 giant cockroaches
  8 goblins
  4 hobgoblins
  3 jackals (D:4)
  2 kobolds (D:1)
  A quokka (D:3)
  5 bats
  3 giant newts (D:1)
  A quokka skeleton (D:4)
  7 rats
48 creatures vanquished.

Vanquished Creatures (collateral kills)
  A hound (D:5)
  An iguana (D:4)
2 creatures vanquished.

Grand Total: 50 creatures vanquished

Notes
Turn   | Place    | Note
--------------------------------------------------------------
     0 | D:1      | CALLOUS the Felid Transmuter began the quest for the Orb.
     0 | D:1      | Reached XP level 1. HP: 9/9 MP: 4/4
   483 | D:1      | Reached XP level 2. HP: 6/12 MP: 4/6
   487 | D:1      | Learned a level 2 spell: Sticks to Snakes
  1629 | D:2      | Reached skill level 1 in Stealth
  1701 | D:2      | Reached XP level 3. HP: 15/15 MP: 5/7
  2979 | D:4      | Reached XP level 4. HP: 19/19 MP: 6/8
  3004 | D:5      | Entered Level 5 of the Dungeon
  3069 | D:5      | Noticed CALLOUS's ghost (amateur DsAM)
  3291 | D:5      | Found a shadowy altar of Dithmenos.
  3291 | D:5      | Found a shimmering altar of Xom.
  3292 | D:5      | Found a glowing golden altar of the Shining One.
  3577 | D:5      | Slain by a hound
  3578 | D:5      | Reached XP level 3. HP: 1/16 MP: 6/7
  3665 | D:5      | Found a blossoming altar of Fedhas.
  3688 | D:5      | Found a stormy altar of Qazlal.
  3735 | D:5      | Noticed Sigmund
  3809 | D:6      | Killed from afar by an orc priest

Skill      XL: |  1  2  3  4 |
---------------+-------------+-----
Dodging        | 3 |  3.5
Stealth        | 1 2 |  2.2
Transmutations | 3 |  3.7
Fighting       | |  1.8
Unarmed Combat | |  3.5
Spellcasting   | |  2.0

Action                   |  1- 3 |  4- 6 || total
-------------------------+-------+-------++-------
Melee: Unarmed           |   115 |    11 ||   126
       Headbutt          |    19 |       ||    19
       Bite              |     6 |     1 ||     7
       Punch             |     1 |       ||     1
 Cast: Beastly Appendage |    36 |     2 ||    38
       Sticks to Snakes  |     2 |     1 ||     3
 Stab: Sleeping          |     8 |       ||     8
  Eat: Chunk             |    12 |       ||    12
Armor: Skin              |     4 |       ||     4
Dodge: Dodged            |    50 |    13 ||    63
